 Dungeon Crawl Stone Soup version 0.26-a0-651-gb41185065b (webtiles) character file.

Game seed: 7606841744817426109

0 Gargoyl the Skirmisher (level 1, -1/23 HPs)
             Began as a Gnoll Abyssal Knight on Sept 29, 2020.
             Was a Follower of Lugonu.
             Slain by an ufetubus (2 damage)
             ... summoned by a ynoxinul
             ... on level 1 of the Abyss.
             The game lasted 00:00:18 (127 turns).

Gargoyl the Skirmisher (Gnoll Abyssal Knight)        Turns: 127, Time: 00:00:19

Health: -1/23      AC:  7    Str: 14      XL:     1   Next: 0%
Magic:  3/3        EV: 10    Int: 13 (14) God:    Lugonu [*.....]
Gold:   0          SH:  0    Dex: 14      Spells: 0/0 levels left

rFire    . . .     SeeInvis .   a - +1 hand axe
rCold    . . .     Faith    .   (no shield)
rNeg     . . .     Spirit   .   c - +0 scale mail
rPois    .         Reflect  .   (no helmet)
rElec    .         Harm     .   (no cloak)
rCorr    .         Rampage  .   (no gloves)
MR       .....                  (no boots)
Stlth    ..........             (no amulet)
HPRegen  0.07/turn              (no ring)
MPRegen  0.08/turn              (no ring)

@: no status effects
A: distributed training, fangs 1, strong nose
a: Depart the Abyss, Renounce Religion


You were on level 1 of the Abyss.
You worshipped Lugonu.
Lugonu was aware of your devotion.
You visited 0 branches of the dungeon, and saw 0 of its levels.
You visited the Abyss 1 time.

Inventory:

Hand Weapons
 a - a +1 hand axe (weapon)
Armour
 c - a +0 scale mail (worn)
Potions
 b - a potion of haste {unknown}


   Skills:
 + Level 6.4 Fighting
 + Level 0.0 Short Blades
 + Level 0.0 Long Blades
 + Level 4.4 Axes
 + Level 0.0 Maces & Flails
 + Level 0.0 Polearms
 + Level 0.0 Staves
 + Level 0.0 Slings
 + Level 0.0 Bows
 + Level 0.0 Crossbows
 + Level 0.0 Throwing
 + Level 4.4 Armour
 + Level 2.3 Dodging
 + Level 0.0 Stealth
 + Level 0.0 Shields
 + Level 0.0 Unarmed Combat
 + Level 0.0 Spellcasting
 + Level 0.0 Conjurations
 + Level 0.0 Hexes
 + Level 0.0 Summonings
 + Level 0.0 Necromancy
 + Level 0.0 Translocations
 + Level 0.0 Transmutations
 + Level 0.0 Fire Magic
 + Level 0.0 Ice Magic
 + Level 0.0 Air Magic
 + Level 0.0 Earth Magic
 + Level 0.0 Poison Magic
 + Level 4.4 Invocations
 + Level 0.0 Evocations


You couldn't memorise any spells.
You didn't know any spells.
Your spell library was empty.

Dungeon Overview and Level Annotations

Branches:
Dungeon (0/15)

Altars:


Innate Abilities, Weirdness & Mutations

Your experience applies equally to all skills.
You have very sharp teeth.
Your uncanny sense of smell can sniff out nearby items.


Message History

The ynoxinul gestures.
The ufetubus hits you.
* * * LOW HITPOINT WARNING * * *
The ufetubus barely misses you. x3
Tentacles burst from the starspawn's body! 2 starspawn tentacles come into view.
The ufetubus hits you.
* * * LOW HITPOINT WARNING * * *
The ufetubus hits you but does no damage.
The ufetubus closely misses you. x2
The shadow imp disappears in a puff of smoke!
The neqoxec gestures.
The ufetubus hits you.
* * * LOW HITPOINT WARNING * * *
The ufetubus hits you but does no damage.
Found a corrupted altar of Lugonu.
The ufetubus hits you but does no damage. x2
The ufetubus hits you but does no damage.
The ufetubus hits you.
You die...

#..##..#### 453.w..
##........#.X3XXw..
#...#..##x5# ......
.#......# # 5...##
#.#5x#### ## ..#
#.#.## #.....
###...# ##.....
#.#55## .....
#.@##..# ..... #..#
....# ##.. #_...
.### ...# . #.. ..
.. #. ##


You could see a small abomination and 3 ufetubi.

Vanquished Creatures (others)
  2 starspawn tentacles (Abyss:1)
2 creatures vanquished.

Notes
Turn   | Place    | Note
-------+----------+-------------------------------------------
     0 | Abyss:1  | Gargoyl the Gnoll Abyssal Knight began the quest for the
                  | Orb.
     0 | Abyss:1  | Reached XP level 1. HP: 23/23 MP: 3/3
    86 | Abyss:1  | Noticed a large abomination
    96 | Abyss:1  | Noticed a neqoxec
   101 | Abyss:1  | Noticed an iron imp
   101 | Abyss:1  | Noticed an iron imp
   105 | Abyss:1  | Noticed a small abomination
   110 | Abyss:1  | Noticed a large abomination
   110 | Abyss:1  | Noticed an orange demon
   111 | Abyss:1  | Noticed a chaos spawn
   111 | Abyss:1  | Noticed a ynoxinul
   111 | Abyss:1  | Noticed a tentacled starspawn
   122 | Abyss:1  | HP: 1/23 [ufetubus[a ynoxinul] (1)]
   125 | Abyss:1  | Found a corrupted altar of Lugonu.
   127 | Abyss:1  | Slain by an ufetubus

Illustrated notes

Levels and vault maps discovered:
Abyss:1:  guppyfry_abyss_exit_imp_island

Action                   || total
-------------------------++-------
Melee: Hand axe          ||     1
Armor: Scale mail        ||    11
Dodge: Dodged            ||    15

Table legend: (Time is in decaauts)
 A = Elapsed time spent in this place.
 B = Non-inter-level travel time spent in this place.
 C = Inter-level travel time spent in this place.
 D = Time resting spent in this place.
 E = Time spent auto-exploring this place.
 F = Levels seen in this place.
 G = Mean time per level.
                   A        B        C        D        E       F      G
               +--------+--------+--------+--------+--------+-----+--------+
         Total |    127 |    127 |      0 |      0 |     71 |   1 |  127.0 |
         Abyss |    127 |    127 |      0 |      0 |     71 |   1 |  127.0 |
               +--------+--------+--------+--------+--------+-----+--------+

Top non-repeatable levels by time:
 Abyss:1: 127 daAuts
